 Dungeon Crawl Stone Soup version 0.31-a0-986-g5e6e4ef867 (webtiles) character file.

Game seed: 11765881325114423750

2965 miscthings the Mimic (level 9, -6/61 HPs)
             Began as an Octopode Shapeshifter on Nov 22, 2023.
             Was a Believer of Ashenzari.
             Mangled by a wight
             ... wielding a +5 battleaxe of freezing
              (7 damage)
             ... on level 8 of the Dungeon.
             The game lasted 00:11:37 (6298 turns).

miscthings the Mimic (Octopode Shapeshifter)        Turns: 6298, Time: 00:11:38

Health: -6/61      AC:  6    Str: 15    XL:     9   Next: 82%
Magic:  9/9        EV: 15    Int: 13    God:    Ashenzari [**....]
Gold:   457        SH:  0    Dex: 19    Spells: 8/8 levels left

rFire   + .          .
                       - Unarmed
rCold   . . .        (no shield)
rNeg    . . .        E - +1 hat "Prescient Loss" {rCorr, Dev, Self} (curse)
rPois   .            C - amulet of the acrobat
rElec   .            u - ring of the All-seeing Burden {Dex+6, Melee, Range} (curse)
rCorr   +            v - ring of the Shackled Augur {AC+4, Elem, Melee} (curse)
SInv    +            x - ring of see invisible
Will    +....        j - ring of Supernal Knowledge {rF+, Self, Elem} (curse)
Stlth   +++          I - ring of willpower
HPRegen 0.30/turn    (no ring)
MPRegen 0.11/turn    (no ring)
                     (no ring)

%: acrobat
@: maw-form
A: devouring maw, almost no armour, amphibious, 8 rings, camouflage 1,
gelatinous body 1, (nimble swimmer 1), tentacles
a: Begin Untransformation, Renounce Religion, Shatter the Chains


You were on level 8 of the Dungeon.
You worshipped Ashenzari.
Ashenzari was pleased with you.
You were a creature with a mouth for a stomach.
You visited 2 branches of the dungeon, and saw 9 of its levels.

You collected 457 gold pieces.

Inventory:

Missiles
 r - 4 atropa-tipped darts
 z - 5 javelins (quivered)
Armour
 E - the cursed +1 hat "Prescient Loss" (worn) {rCorr, Dev, Self}
   (You acquired it on level 6 of the Dungeon)

   rCorr:     It protects you from acid and corrosion.
   It has a curse which improves the following skills: Devices: Evocations and
   Shapeshifting.
   Introspection: Fighting and Spellcasting.
Jewellery
 j - the cursed ring of Supernal Knowledge (on tentacle) {rF+, Self, Elem}
   (You found it on level 7 of the Dungeon)

   [ring of protection from fire]

   rF+:       It protects you from fire.
   It has a curse which improves the following skills: Introspection: Fighting
   and Spellcasting.
   Elements:  Fire Magic, Ice Magic, Air Magic and Earth Magic.
 u - the cursed ring of the All-seeing Burden (left tentacle) {Dex+6, Melee, Range}
   (You found it on level 2 of the Dungeon)

   [ring of dexterity]

   Dex+6:     It affects your dexterity (+6).
   It has a curse which improves the following skills: Melee Combat: Short
   Blades, Long Blades, Axes, Maces & Flails, Polearms, Staves and Unarmed
   Combat.
   Ranged Combat: Ranged Weapons and Throwing.
 v - the cursed ring of the Shackled Augur (right tentacle) {AC+4, Elem, Melee}
   (You found it on level 3 of the Dungeon)

   [ring of protection]

   AC+4:      It affects your AC (+4).
   It has a curse which improves the following skills: Elements: Fire Magic, Ice
   Magic, Air Magic and Earth Magic.
   Melee Combat: Short Blades, Long Blades, Axes, Maces & Flails, Polearms,
   Staves and Unarmed Combat.
 x - a ring of see invisible (on tentacle)
 C - an amulet of the acrobat (around mantle)
 I - a ring of willpower (on tentacle)
Talismans
 b - a beast talisman
 c - a flux talisman
 o - a maw talisman (active)
Scrolls
 e - a scroll of amnesia
 f - 4 scrolls of enchant armour
 g - 2 scrolls of fear
 l - 3 scrolls of immolation
 n - a scroll of noise
 p - a scroll of torment
 q - a scroll of summoning
 y - 2 scrolls of blinking
 D - 2 scrolls of fog
 G - 2 scrolls of enchant weapon
 H - 3 scrolls of teleportation
Potions
 a - 2 potions of lignification
 d - 3 potions of resistance
 h - a potion of enlightenment
 i - 2 potions of cancellation
 k - a potion of degeneration
 m - 6 potions of curing
 s - 2 potions of might
 t - a potion of brilliance
 w - 3 potions of attraction
 A - a potion of heal wounds
 B - a potion of mutation
 F - a potion of berserk rage


   Skills:
 + Level 3.6(5.2) Fighting
 - Level 3.1(4.1) Throwing
 + Level 4.0 Dodging
 + Level 4.7(6.3) Unarmed Combat
 + Level 10.7(11.8) Shapeshifting


You had 8 spell levels left.
You didn't know any spells.
Your spell library contained the following spells:

 Spells                   Type           Power      Damage    Failure   Level
 Slow                     Hex            0%         N/A       30%         1
 Cigotuvi's Dreadful Rot  Necr/Pois/Air  0%         N/A       41%         2
 Call Canine Familiar     Summ           0%         N/A       67%         3
 Confusing Touch          Hex            0%         N/A       67%         3
 Sigil of Binding         Hex            0%         N/A       67%         3
 Vampiric Draining        Necr           0%         2d6       67%         3
 Leda's Liquefaction      Hex/Erth       0%         N/A       96%         4
 Dimensional Bullseye     Hex/Tloc       0%         N/A       97%         4
 Dispel Undead            Necr           0%         3d6       97%         4
 Death Channel            Necr           0%         N/A       100%        6


Dungeon Overview and Level Annotations

Branches:
Dungeon (8/15)             Temple (1/1) D:4
   Lair: D:8-11

Altars:
Ashenzari
Cheibriados
Dithmenos
Elyvilon
Fedhas
Gozag
Hepliaklqana
Kikubaaqudgha
Makhleb
Nemelex Xobeh
Okawaru
Qazlal
Ru
Sif Muna
Trog
Uskayaw
Vehumet
Wu Jian
Xom
Yredelemnul
Zin
The Shining One


Innate Abilities, Weirdness & Mutations

You are a creature with a mouth for a stomach.
Your midsection houses a second, enormous mouth.
You cannot wear most types of armour.
You are amphibious.
You can wear up to eight rings at the same time.
Your skin changes colour to match your surroundings (Stealth+).
Your rubbery body absorbs attacks. (AC +1, EV +1)
((You are camouflaged when in or above water. (Stealth+)))
You have tentacles for arms and can constrict up to eight enemies at once.


Message History

You tentacle-slap the wight but do no damage.
You grab the wight.
You squeeze the wight, but do no damage.
The wight is moderately damaged.
You constrict the wight. The wight hits you with a +3 scimitar.
You tentacle-slap the wight but do no damage.
You bite the wight.
The wight is heavily damaged.
You constrict the wight. You tentacle-slap the wight. You squeeze the wight.
You destroy the wight!
Your life force feels restored.
Your Dodging skill increases to level 4!
You barely miss the wight. You grab the wight. You bite the wight.
The wight is severely damaged.
You constrict the wight.
The wight hits you with a +4 war axe of freezing.
You feel drained.
* * * LOW HITPOINT WARNING * * *
The wight freezes you.
* * * LOW HITPOINT WARNING * * *
You bludgeon the wight!
You destroy the wight!
Your life force feels restored.
Items here: ))) [[[.
You start resting.
A wight is nearby!
A wight is nearby!
You tentacle-slap the wight. You grab the wight.
The wight is lightly damaged.
You constrict the wight.
The wight hits you with a +5 battleaxe of freezing!
* * * LOW HITPOINT WARNING * * *
The wight freezes you.
* * * LOW HITPOINT WARNING * * *
You tentacle-slap the wight.
The wight is moderately damaged.
You constrict the wight.
The wight hits you with a +5 battleaxe of freezing!
You die...

#.####
.........
#....##
#########
###...###.#
#.. #..#.....#
#.# #....#####
#<# ##....###
#.# #.......#
#.# #..z..#.#
#.. #..#W##.#
...
#..#......#
...
#..####>#.#
..(. #..# ...
#..# ... #.z#
.# #..####.#
###.
#..)....##....
##)#####......


You could see a wight.

Vanquished Creatures
  Sigmund (D:2)
  A wyvern (D:8)
  3 ice beasts
  A black bear (D:7)
  2 centaurs
  A phantom (D:6)
  3 bullfrogs
  A wyvern zombie (D:5)
  4 scorpions
  2 necrophages (D:5)
  7 wights
  A water moccasin zombie (D:5)
  A centaur zombie (D:5)
  3 bullfrog zombies (D:5)
  A hound (D:6)
  A jelly (D:4)
  5 orc priests
  2 gnoll boudas
  A human zombie (D:5)
  A sleepcap (D:7)
  A scorpion zombie (D:5)
  3 iguanas
  4 orc wizards
  A hound zombie (D:5)
  A mummy (D:5)
  Robin (D:2)
  8 adders
  9 gnolls
  2 shadow imps (D:7)
  2 white imps
  2 worms
  2 dart slugs (D:2)
  24 orcs
  11 ball pythons
  8 endoplasms
  6 giant cockroaches
  18 goblins
  4 hobgoblins
  8 jackals
  8 kobolds
  3 quokkas
  2 bats
  3 frilled lizards (D:1)
  5 rats
178 creatures vanquished.

Vanquished Creatures (others)
  An adder (D:5)
1 creature vanquished.

Grand Total: 179 creatures vanquished

Notes
Turn   | Place    | Note
-------+----------+-------------------------------------------
     0 | D:1      | miscthings the Octopode Shapeshifter began the quest for
                  | the Orb.
     0 | D:1      | Reached XP level 1. HP: 13/13 MP: 1/1
   145 | D:1      | Reached XP level 2. HP: 10/18 MP: 2/2
   304 | D:1      | Reached XP level 3. HP: 21/23 MP: 3/3
   329 | D:1      | Reached skill level 4 in Shapeshifting
   924 | D:2      | Noticed Robin
  1000 | D:2      | Noticed Sigmund
  1022 | D:2      | Killed Sigmund
  1023 | D:2      | Reached skill level 5 in Shapeshifting
  1023 | D:2      | Reached XP level 4. HP: 15/28 MP: 4/4
  1023 | D:2      | Reached XP level 5. HP: 17/33 MP: 5/5
  1044 | D:2      | Reached skill level 6 in Shapeshifting
  1086 | D:2      | Killed Robin
  1087 | D:2      | Reached XP level 6. HP: 24/38 MP: 6/6
  2457 | D:4      | Found a staircase to the Ecumenical Temple.
  2511 | Temple   | Entered the Ecumenical Temple
  2523 | Temple   | Became a worshipper of Ashenzari the Shackled
  2663 | D:4      | Reached skill level 7 in Shapeshifting
  2663 | D:4      | Reached XP level 7. HP: 43/43 MP: 7/7
  3155 | D:5      | Entered Level 5 of the Dungeon
  3174 | D:5      | Found a radiant altar of Vehumet.
  3212 | D:5      | Reached skill level 8 in Shapeshifting
  3504 | D:5      | Reached XP level 8. HP: 37/48 MP: 8/8
  3519 | D:5      | Reached skill level 9 in Shapeshifting
  3649 | D:5      | Found a basalt altar of Yredelemnul.
  4025 | D:5      | Reached * piety under Ashenzari
  4397 | D:6      | Reached skill level 10 in Shapeshifting
  4574 | D:6      | Found a glowing golden altar of the Shining One.
  4617 | D:6      | Identified a scroll of acquirement
  4631 | D:6      | Acquired the +1 hat of the Eternal Void {rCorr}
  4794 | D:6      | Reached skill level 1 in Throwing
  4931 | D:6      | Reached XP level 9. HP: 39/54 MP: 9/9
  5240 | D:7      | Found a stormy altar of Qazlal.
  6106 | D:8      | Noticed a hornet
  6208 | D:8      | Reached ** piety under Ashenzari
  6297 | D:8      | HP: 1/61 [wight/+5 battleaxe of freezing (6)]
  6298 | D:8      | Mangled by a wight

Illustrated notes

Levels and vault maps discovered:
D:1:      dpeg_arrival_pond, layout_loops_corners
D:2:      layout_basic, uniq_robin, uniq_sigmund
D:3:      layout_basic, chequers_serial_rivers_micro_b, grunt_decor_cap,
          minmay_tree_intersection, minmay_misc_feat_doors,
          hangedman_decor_diamond_cutter
D:4:      layout_loops_cross, temple_pool_b, corexii_hall_statues_i,
          feat_on_display
D:5:      layout_basic, lemuel_mausoleum_altar_yredelemnul, lemuel_crystal_altar
D:6:      layout_loops_ring, lemuel_crystal_altar
D:7:      layout_basic, amcnicky_altar_gilded, kennysheep_generic_room_5
D:8:      layout_loops_ring, minmay_misc_feat_plants,
          minmay_shop_enchanted_jewellery, grunt_ministairs_3, chequers_garden,
          st_stairs_14, uniq_grum
Temple:   mainiacjoe_temple_coin_purse

Skill      XL: |  1  2  3  4  5  6  7  8  9 |
---------------+----------------------------+-----
Shapeshifting  | 5 6 7 8 10 | 10.7
Throwing       | 1 3 |  3.1
Fighting       | 3 |  3.6
Dodging        | 4 |  4.0
Unarmed Combat | 4 |  4.7

Action                     |  1- 3 |  4- 6 |  7- 9 || total
---------------------------+-------+-------+-------++-------
  Melee: Unarmed           |    79 |   132 |   255 ||   466
         Constrict         |    22 |    43 |    68 ||   133
         Tentacles         |    12 |    30 |   102 ||   144
         Punch             |     2 |       |     9 ||    11
         Maw               |       |       |    47 ||    47
  Throw: Javelin           |       |       |     6 ||     6
         Dart              |       |       |     1 ||     1
 Invoke: Curse Item        |       |       |     4 ||     4
    Use: Scroll            |       |       |     2 ||     2
         Potion            |       |       |     1 ||     1
   Stab: Sleeping          |     2 |       |     8 ||    10
 Armour: Skin              |    39 |    52 |   140 ||   231
  Dodge: Dodged            |    43 |    67 |   145 ||   255
   Form: Flux              |       |     1 |       ||     1
         Maw               |       |       |     1 ||     1

Table legend: (Time is in decaauts)
 A = Elapsed time spent in this place.
 B = Non-inter-level travel time spent in this place.
 C = Inter-level travel time spent in this place.
 D = Time resting spent in this place.
 E = Time spent auto-exploring this place.
 F = Levels seen in this place.
 G = Mean time per level.
                   A        B        C        D        E       F      G
               +--------+--------+--------+--------+--------+-----+--------+
         Total |   6265 |   6028 |    237 |    440 |   4382 |   9 |  696.1 |
       Dungeon |   6243 |   6014 |    229 |    440 |   4382 |   8 |  780.4 |
        Temple |     21 |     13 |      8 |      0 |      0 |   1 |   21.0 |
               +--------+--------+--------+--------+--------+-----+--------+

Top non-repeatable levels by time:
     D:5: 1218 daAuts
     D:7: 933 daAuts
     D:2: 933 daAuts
     D:1: 906 daAuts
     D:6: 835 daAuts
     D:4: 683 daAuts
     D:3: 593 daAuts
     D:8: 138 daAuts
  Temple: 21 daAuts
